Map: Deathaura LE

Players

HellraiseR

  • Race: Protoss Protoss
  • League: Grandmaster
  • Spawn Location: 5:00

ShoWTimE - Winner!

  • Race: Protoss Protoss
  • League: Grandmaster
  • Spawn Location: 11:00

Event: DreamHack SC2 Masters 2020 Fall

VOD

Have the link to the VOD?

Description

Time

  • Played on: Aug. 29, 2020, 1:19 p.m.
  • Length: 9:11

All games in this series

Show
View Real Time Build Order
Export as new Build Order

HellraiseR Protoss 

Build Orders: Oracle Opening 

Get SALT Encoding   

  12  0:00  Probe  
  13  0:12  Probe  
  14  0:18  Pylon  
  14  0:24  Probe (Chrono Boost)  
  15  0:37  Probe (Chrono Boost)  
  15  0:38  Gateway  
  16  0:45  Probe (Chrono Boost)  
  16  0:46  Assimilator  
  17  0:51  Probe  
  17  0:54  Assimilator  
  18  1:03  Probe (Chrono Boost)  
  19  1:09  Gateway  
  19  1:12  Probe (Chrono Boost)  
  19  1:17  Probe (Chrono Boost)  
  20  1:25  Cybernetics Core  
  21  1:29  Probe  
  22  1:36  Pylon  
  22  1:41  Probe  
  23  2:01  Adept x2  
  28  2:04  Stargate  
  28  2:06  Probe  
  28  2:11  Warp Gate  
  28  2:19  Probe  
  29  2:31  Pylon  
  28  2:38  Probe  
  29  2:46  Oracle (Chrono Boost)  
  32  3:00  Nexus  
  32  3:05  Probe  
  33  3:10  Void Ray  
  33  3:18  Probe  
  36  3:30  Probe  
  35  3:42  Probe  
  35  3:46  Pylon  
  36  3:55  Probe  
  37  3:58  Void Ray  
  37  4:08  Stargate  
  42  4:10  Shield Battery, Probe (Chrono Boost)  
  42  4:13  Probe (Chrono Boost)  
  42  4:14  Assimilator  
  43  4:22  Probe (Chrono Boost)  
  43  4:23  Probe (Chrono Boost)  
  45  4:29  Probe (Chrono Boost)  
  47  4:31  Probe (Chrono Boost)  
  47  4:32  Assimilator  
  47  4:34  Probe (Chrono Boost)  
  48  4:39  Probe  
  48  4:41  Void Ray (Chrono Boost)  
  48  4:42  Protoss Air Weapons Level 1  
  53  4:49  Probe  
  53  4:51  Pylon  
  54  4:54  Probe  
  54  4:57  Void Ray (Chrono Boost)  
  55  5:01  Probe  
  55  5:06  Probe  
  61  5:13  Probe  
  62  5:15  Void Ray (Chrono Boost)  
  62  5:18  Probe  
  62  5:19  Pylon  
  63  5:25  Probe  
  68  5:30  Probe  
  68  5:34  Void Ray (Chrono Boost)  
  69  5:37  Probe  
  75  5:47  Void Ray (Chrono Boost), Pylon  
  78  6:00  Nexus  
  78  6:05  Probe x2  
  77  6:11  Shield Battery  
  77  6:18  Probe x2  
  82  6:22  Oracle (Chrono Boost)  
  82  6:23  Forge  
  82  6:26  Pylon  
  82  6:29  Void Ray (Chrono Boost)  
  86  6:36  Pylon  
  86  6:44  Fleet Beacon, Void Ray (Chrono Boost), Probe x2  
  92  6:56  Probe  
  92  6:57  Probe  
  94  7:03  Void Ray (Chrono Boost)  
  94  7:08  Probe, Photon Cannon  
  98  7:09  Probe  
  98  7:11  Void Ray (Chrono Boost)  
  98  7:12  Probe  
  98  7:14  Assimilator  
  101  7:20  Assimilator  
  101  7:22  Probe  
  106  7:29  Unknown  
  104  7:33  Void Ray (Chrono Boost)  
  104  7:38  Probe  
  104  7:41  Probe  
  104  7:42  Shield Battery  
  109  7:47  Probe  
  109  7:50  Probe  
  109  7:51  Stalker x2  
  103  7:53  Probe  
  97  7:59  Probe  
  97  8:02  Probe  
  91  8:05  Probe  
  91  8:07  Void Ray (Chrono Boost)  
  91  8:11  Void Ray (Chrono Boost), Probe  
  97  8:14  Probe  
  97  8:18  Probe  
  103  8:24  Zealot x2  
  98  8:32  Stargate  
  92  8:50  Probe, Stalker x2  
  101  8:58  Pylon  
Show
View Real Time Build Order
Export as new Build Order

ShoWTimE Protoss - Winner!

Build Orders:  

Get SALT Encoding   

  12  0:00  Probe  
  13  0:12  Probe  
  14  0:17  Pylon  
  14  0:24  Probe (Chrono Boost)  
  15  0:36  Gateway, Probe (Chrono Boost)  
  16  0:44  Probe (Chrono Boost)  
  16  0:45  Assimilator  
  17  0:51  Probe  
  17  0:54  Assimilator  
  18  1:03  Probe (Chrono Boost)  
  19  1:08  Gateway  
  19  1:13  Probe (Chrono Boost)  
  19  1:18  Probe (Chrono Boost)  
  20  1:24  Cybernetics Core  
  21  1:29  Probe  
  22  1:35  Pylon  
  22  1:41  Probe  
  23  1:53  Probe  
  24  2:00  Stalker x2  
  28  2:01  Warp Gate  
  28  2:05  Probe  
  29  2:12  Pylon  
  29  2:21  Pylon  
  29  2:30  Stalker  
  31  2:37  Stalker  
  33  2:55  Nexus  
  33  2:59  Probe  
  33  3:05  Pylon  
  34  3:12  Shield Battery  
  34  3:16  Probe  
  34  3:29  Probe  
  34  3:30  Twilight Council  
  35  3:37  Shield Battery  
  33  3:41  Probe (Chrono Boost)  
  34  3:49  Stalker x2  
  34  3:51  Probe (Chrono Boost)  
  39  3:56  Probe (Chrono Boost)  
  40  4:03  Blink (Chrono Boost)  
  40  4:07  Probe (Chrono Boost)  
  42  4:14  Probe (Chrono Boost)  
  42  4:16  Probe (Chrono Boost)  
  43  4:21  Sentry x2, Probe x2 (Chrono Boost)  
  49  4:27  Shield Battery  
  49  4:30  Probe  
  49  4:32  Phoenix, Probe  
  49  4:38  Probe  
  51  4:44  Probe  
  53  4:47  Probe  
  53  4:48  Forge  
  53  4:49  Sentry  
  56  4:53  Pylon  
  56  4:56  Probe  
  56  4:59  Probe, Stalker  
  60  5:04  Assimilator  
  60  5:07  Gateway  
  60  5:08  Probe  
  60  5:09  Gateway  
  60  5:12  Probe  
  62  5:17  Robotics Facility  
  62  5:20  Probe  
  63  5:24  Probe  
  63  5:30  Phoenix x2  
  63  5:31  Protoss Ground Weapons Level 1 (Chrono Boost)  
  63  5:32  Probe  
  64  5:37  Stalker x2  
  64  5:42  Pylon  
  68  5:50  Nexus  
  68  5:51  Probe x2  
  70  6:00  Pylon  
  70  6:04  Probe x2  
  70  6:07  Stalker x2  
  70  6:09  Observer  
  77  6:15  Phoenix, Pylon  
  77  6:18  Gateway  
  77  6:20  Stalker x2  
  81  6:26  Probe x2  
  81  6:29  Pylon  
  83  6:35  Stalker x2  
  88  6:40  Probe x2  
  88  6:44  Pylon  
  89  6:50  Stalker x2  
  93  6:54  Probe x2  
  93  7:00  Stalker x2  
  99  7:04  Pylon  
  99  7:06  Probe x2  
  101  7:13  Stalker x2  
  101  7:14  Stalker  
  107  7:19  Assimilator, Probe x2  
  109  7:28  Stalker x2  
  109  7:29  Probe  
  114  7:31  Probe, Pylon  
  115  7:38  Stalker x2  
  115  7:43  Stalker  
  121  7:44  Probe  
  121  7:48  Probe  
  101  7:59  Stalker x2  
  101  8:00  Probe  
  101  8:03  Assimilator  
  104  8:06  Stalker x2  
  104  8:08  Probe  
  109  8:13  Assimilator  
  109  8:14  Probe  
  109  8:15  Probe  
  109  8:16  Stalker  
  113  8:20  Pylon, Probe  
  113  8:26  Stalker x2, Probe  
  119  8:30  Nexus  
  119  8:33  Pylon  
  119  8:40  Stalker x3  
  125  8:52  Gateway  
  125  8:53  Stalker x2  
  125  8:55  Gateway  
  129  8:58  Gateway  

Tags
 
Add a new tag
Caveats
  • Supply blocks, unpowered buildings, or Contaminate may cause inaccurate times.
  • Supply counts are checked every 10 seconds.